 Dungeon Crawl Stone Soup version 0.24-a0-291-g79c1ce7 (webtiles) character file.

Game seed: 15637919061537653580

251 galech the Shield-Bearer (level 5, 0/41 HPs)
             Began as a Demonspawn Fighter on May 9, 2019.
             Slain by Grinder (5 damage)
             ... on level 3 of the Dungeon.
             The game lasted 00:03:01 (3022 turns).

galech the Shield-Bearer (Demonspawn Fighter)       Turns: 3022, Time: 00:03:01

Health: 0/41       AC:  9    Str: 16    XL:     5   Next: 88%
Magic:  23/23      EV:  5    Int: 10    God:
Gold:   202        SH: 13    Dex: 13    Spells: 4/4 levels left

rFire    . . .     SeeInvis .   a - +0 war axe
rCold    . . .     Gourm    .   n - +0 large shield
rNeg     . . .     Faith    .   b - +0 scale mail
rPois    .         Spirit   .   r - +0 helmet (curse)
rElec    .         Reflect  .   t - +0 cloak
rCorr    .         Harm     .   (no gloves)
MR       .....                  (no boots)
Stlth    ..........             (no amulet)
HPRegen  0.13/turn              h - ring of magical power
MPRegen  0.18/turn              l - ring of magical power

@: no status effects
A: talons 1, demonic guardian 1, powered by death 1
a: no special abilities


You were on level 3 of the Dungeon.
You were not hungry.

You visited 1 branch of the dungeon, and saw 3 of its levels.

You collected 202 gold pieces.

Inventory:

Hand Weapons
 a - a +0 war axe (weapon)
Armour
 b - a +0 scale mail (worn)
 c - a +0 shield
 i - a scarf of cloud immunity
 n - a +0 large shield (worn)
 r - a cursed +0 helmet (worn)
 t - a +0 cloak (worn)
Jewellery
 h - a ring of magical power (left hand)
 l - a ring of magical power (right hand)
Scrolls
 e - a scroll of amnesia {unknown}
 j - 4 scrolls of identify {unknown}
 m - 2 scrolls of teleportation {unknown}
 o - 3 scrolls of remove curse {unknown}
 q - a scroll of fog {unknown}
Potions
 d - a potion of might
 k - 3 potions of heal wounds {unknown}
 p - 3 potions of degeneration {unknown}
 s - a potion of flight {unknown}
 u - a potion of mutation {unknown}
Comestibles
 f - 13 rations
 g - 2 chunks of flesh


   Skills:
 + Level 3.6 Fighting
 + Level 3.7 Axes
 + Level 3.5 Armour
 + Level 1.0 Dodging
 + Level 0.1 Stealth
 + Level 3.7 Shields


You had 4 spell levels left.
You didn't know any spells.
Your spell library was empty.

Dungeon Overview and Level Annotations

Branches:
Dungeon (3/15)

Altars:

Annotations:
D:3 Grinder


Innate Abilities, Weirdness & Mutations

You have sharp toenails.
A weak demonic guardian rushes to your aid.
You regenerate a little health from kills.


Message History

Your iron imp closely misses Grinder.
Grinder blinks!
You swap places.
You slash Grinder! You claw Grinder, but do no damage.
Grinder is severely wounded.
Your white imp disappears in a puff of smoke!
Grinder hits you.
* * * LOW HITPOINT WARNING * * *
You block Grinder's attack.
You hit Grinder but do no damage. You claw Grinder.
Grinder is almost dead.
Grinder gestures at you.
You suddenly lose the ability to move!
Your iron imp disappears in a puff of smoke!
Grinder blinks!
You can move again.
Grinder hits you.
* * * LOW HITPOINT WARNING * * *
You writhe in agony.
You die...

#.######.#.......#
#.# #.........#
... ............#
.. ####.#####..#
... #.#.###..#
###.....5..#
+.......#.##
####...##5##
##.##@..# #5.....#
#.##...# +#
#.###### .# #.#
###.#### #.#
....... #.#
.#...## #.#
......# # #.#


You could see Grinder and a friendly white imp.

Vanquished Creatures
  Jessica (D:2)
  Terence (D:3)
  Natasha (D:3)
  Robin (D:2)
  6 adders
  3 gnolls (D:3)
  2 oozes
  3 worms
  A dart slug (D:2)
  2 leopard geckos
  3 bats
  2 giant cockroaches (D:1)
  8 hobgoblins
  A quokka (D:2)
  3 frilled lizards
  13 goblins
  4 kobolds
  10 rats
65 creatures vanquished.

Vanquished Creatures (collateral kills)
  3 hobgoblins
  A goblin (D:2)
4 creatures vanquished.

Grand Total: 69 creatures vanquished

Notes
Turn   | Place    | Note
-------+----------+-------------------------------------------
     0 | D:1      | galech the Demonspawn Fighter began the quest for the Orb.
     0 | D:1      | Reached XP level 1. HP: 18/18 MP: 1/1
   128 | D:1      | Gained mutation: You regenerate a little health from kills.
                  | [demonic ancestry]
   128 | D:1      | Reached XP level 2. HP: 22/24 MP: 2/2
   986 | D:2      | Noticed Jessica
  1003 | D:2      | Killed Jessica
  1003 | D:2      | Gained mutation: You have sharp toenails. [demonic
                  | ancestry]
  1003 | D:2      | Reached XP level 3. HP: 6/29 MP: 3/3
  1341 | D:2      | Gained mutation: A weak demonic guardian rushes to your
                  | aid. [demonic ancestry]
  1341 | D:2      | Reached XP level 4. HP: 21/35 MP: 4/4
  1527 | D:2      | Noticed Robin
  1547 | D:2      | Killed Robin
  1637 | D:2      | Reached skill level 1 in Dodging
  2177 | D:2      | Reached XP level 5. HP: 41/41 MP: 5/5
  2590 | D:3      | Noticed Natasha
  2597 | D:3      | Killed Natasha
  2957 | D:3      | Noticed Terence
  2967 | D:3      | Killed Terence
  2973 | D:3      | Noticed Grinder
  3000 | D:3      | Paralysed by Grinder for 4 turns
  3008 | D:3      | Paralysed by Grinder for 5 turns
  3022 | D:3      | Slain by Grinder

Levels and vault maps discovered:
D:1:      dpeg_arrival_arbitrary_b, layout_basic
D:2:      layout_loops_corners, uniq_robin, uniq_jessica
D:3:      layout_loops_corners, first_ration, serial_bayou_pond_b,
          chequers_serial_rivers_micro_b, uniq_grinder, uniq_natasha,
          uniq_terence

Skill      XL: |  1  2  3  4 |
---------------+-------------+-----
Axes           | 2 3 |  3.7
Shields        | 3 |  3.7
Armour         | 3 |  3.5
Dodging        | 1 |  1.0
Fighting       | |  3.6
Stealth        | |  0.1

Action                   |  1- 3 |  4- 6 || total
-------------------------+-------+-------++-------
Melee: War axe           |    82 |   122 ||   204
       Kick              |     3 |    35 ||    38
  Eat: Chunk             |     1 |     6 ||     7
Armor: Scale mail        |    32 |    53 ||    85
Dodge: Dodged            |    13 |    20 ||    33
Block: Shield            |     4 |       ||     4
       Large shield      |    47 |    94 ||   141

Table legend:
 A = Non-vault XP
 B = Vault XP
 C = Vault XP percentage of total XP
 D = Non-vault monster count
 E = Vault monster count
 F = Vault count percentage of total count
                 A         B        C        D         E       F
            +---------+---------+-------+---------+---------+-------
      Total |     207 |     152 |  42.3 |      51 |      18 |  26.1
            +---------+---------+-------+---------+---------+-------
        D:1 |      40 |       0 |   0.0 |      22 |       0 |   0.0
        D:2 |     103 |      70 |  40.5 |      21 |      13 |  38.2
        D:3 |      64 |      82 |  56.2 |       8 |       5 |  38.5
            +---------+---------+-------+---------+---------+-------
